 Dungeon Crawl Stone Soup version 0.17-a0-1923-gc35365e (webtiles) character file.

618 derrpe the Conjurer (level 7, 0/38 HPs)
             Began as a Deep Elf Conjurer on Sept 28, 2015.
             Shot with an arrow of frost by a centaur (5 damage)
             ... on level 5 of the Dungeon.
             The game lasted 00:07:00 (4901 turns).

derrpe the Conjurer (Deep Elf Conjurer)             Turns: 4901, Time: 00:07:01

Health: 0/38       AC:  6    Str:  5    XL:     7   Next: 21%
Magic:  9/18       EV: 13    Int: 22    God:
Gold:   164        SH:  0    Dex: 15    Spells: 3 memorised, 9 levels left

rFire  . . .     SeeInvis .     h - +0 short sword
rCold  . . .     Clarity  .     a - +0 robe
rNeg   . . .     SustAt   .     (no shield)
rPois  .         Gourm    .     (no helmet)
rElec  .         Spirit   .     u - +2 cloak
rCorr  .         Warding  .     x - +0 pair of gloves
rMut   .         Stasis   .     (no boots)
MR     .....                    (no amulet)
Stlth  ++........               (no ring)
                                (no ring)

@: not resistant to hostile enchantments, unstealthy
A: no striking features
a: no special abilities


You were on level 5 of the Dungeon.
You were not hungry.

You visited 1 branch of the dungeon, and saw 5 of its levels.

You collected 164 gold pieces.

Inventory:

Hand weapons
 h - a +0 short sword (weapon)
Armour
 a - a +0 robe (worn)
 u - a +2 cloak (worn)
 x - a +0 pair of gloves (worn)
Jewellery
 o - a +2 ring of protection {unknown}
 r - an uncursed ring of protection from magic {unknown}
Scrolls
 d - 3 scrolls of identify {unknown}
 f - 2 scrolls of amnesia {unknown}
 g - a scroll of magic mapping {unknown}
 i - 2 scrolls of random uselessness {unknown}
 j - a scroll of fog {unknown}
 k - 2 scrolls of blinking {unknown}
 l - a scroll of enchant weapon {unknown}
 p - 4 scrolls of remove curse {unknown}
 q - 2 scrolls of recharging {unknown}
 y - a scroll of noise {unknown}
 C - a scroll of enchant armour {unknown}
Potions
 e - 4 potions of heal wounds
 m - 4 potions of curing
 n - 3 potions of brilliance {unknown}
 s - a potion of invisibility {unknown}
 t - 3 potions of flight {unknown}
 v - a potion of haste {unknown}
 w - 2 potions of poison {unknown}
 z - a potion of berserk rage {unknown}
 A - a potion of resistance {unknown}
 D - a potion of lignification {unknown}
Books
 b - a book of Conjurations

   Spells                             Type                      Level
   a - Magic Dart                     Conjuration                  1
   b - Searing Ray                    Conjuration                  2
   c - Dazzling Spray                 Conjuration/Hexes            3
   d - Fulminant Prism                Conjuration/Hexes            4
   e - Iskenderun's Mystic Blast      Conjuration                  4
   f - Iskenderun's Battlesphere      Conjuration/Charms           5
Comestibles
 c - 2 bread rations {@e1}
 B - a royal jelly


   Skills:
 + Level 1.2 Fighting
 + Level 3.1 Dodging
 - Level 2.4 Stealth
 + Level 6.1 Spellcasting
 * Level 7.2 Conjurations
 - Level 3.1 Hexes
 * Level 2.0 Charms


You had 9 spell levels left.
You knew the following spells:

 Your Spells              Type           Power        Failure   Level  Hunger
a - Magic Dart            Conj           ####         1%          1    None
b - Dazzling Spray        Conj/Hex       ####....     3%          3    #......
c - Iskenderun's Battles  Conj/Chrm      ####....     38%         5    #####..


Dungeon Overview and Level Annotations

Branches:
Dungeon (5/15)
 Temple: D:4-7

Altars:
Cheibriados
Fedhas
Nemelex Xobeh
Zin
The Shining One


Message History

The arrow of frost closely misses you.
Casting: Dazzling Spray
Confirm with . or Enter, or press ? or * to list all spells.
Aiming: Dazzling Spray
Press: ? - help, Shift-Dir - straight line, f/p - centaur
Aim: a centaur, wielding a shortbow (moderately wounded, blind)
The spray of energy hits the centaur.
The centaur is moderately wounded.
The centaur is dazzled.
The centaur shoots an arrow of frost.
The arrow of frost barely misses you.
Casting: Dazzling Spray
Confirm with . or Enter, or press ? or * to list all spells.
Aiming: Dazzling Spray
Press: ? - help, Shift-Dir - straight line, f/p - centaur
Aim: a centaur, wielding a shortbow (moderately wounded, blind)
The spray of energy misses the centaur.
The centaur shoots an arrow of frost.
The arrow of frost hits you!
* * * LOW HITPOINT WARNING * * *
The arrow of frost freezes you.
You die...

#### #. .## #.## ..##
..# ...## #.## ....##
#..############
.....####............c#
......................##
#......................#
##......#.......@......#
#....####....((........
#.#.## ##...........##
##### ##..!......##
##......### ########


You could see a centaur (blind).

Vanquished Creatures
  2 phantoms
  An ice beast (D:5)
  A scorpion (D:4)
  A crimson imp (D:5)
  Crazy Yiuf (D:4)
  A hound (D:5)
  5 gnolls (D:3)
  9 adders
  An ooze (D:1)
  A worm (D:4)
  3 giant geckos
  5 bats
  9 giant cockroaches
  10 hobgoblins
  A giant gecko skeleton (D:4)
  7 giant newts
  9 goblins
  3 jackals (D:5)
  4 kobolds
  10 rats
84 creatures vanquished.

Notes
Turn   | Place    | Note
--------------------------------------------------------------
     0 | D:1      | derrpe the Deep Elf Conjurer began the quest for the Orb.
     0 | D:1      | Reached XP level 1. HP: 10/10 MP: 6/6
   243 | D:1      | Reached XP level 2. HP: 15/15 MP: 1/8
   626 | D:1      | Reached skill level 5 in Conjurations
   804 | D:1      | Reached XP level 3. HP: 11/19 MP: 2/10
  1629 | D:2      | Reached XP level 4. HP: 24/24 MP: 8/12
  1669 | D:2      | Found a glowing silver altar of Zin.
  2249 | D:2      | Noticed a phantom
  2281 | D:2      | Killed a phantom
  2281 | D:2      | Reached skill level 5 in Spellcasting
  2281 | D:2      | Reached skill level 6 in Conjurations
  2281 | D:2      | Reached XP level 5. HP: 23/28 MP: 3/14
  2338 | D:2      | Learned a level 3 spell: Dazzling Spray
  2473 | D:2      | Reached skill level 1 in Hexes
  2541 | D:3      | Found a glowing golden altar of the Shining One.
  2694 | D:3      | Found a snail-covered altar of Cheibriados.
  2698 | D:3      | Found a sparkling altar of Nemelex Xobeh.
  2703 | D:3      | Found a blossoming altar of Fedhas.
  2973 | D:3      | Reached XP level 6. HP: 12/32 MP: 3/16
  3890 | D:4      | Learned a level 5 spell: Iskenderun's Battlesphere
  4148 | D:4      | Noticed Crazy Yiuf
  4159 | D:4      | Killed Crazy Yiuf
  4159 | D:4      | Reached skill level 7 in Conjurations
  4159 | D:4      | Reached skill level 1 in Charms
  4473 | D:5      | Entered Level 5 of the Dungeon
  4637 | D:5      | Reached skill level 1 in Fighting
  4754 | D:5      | Reached XP level 7. HP: 38/38 MP: 7/18
  4901 | D:5      | Shot with an arrow of frost by a centaur

Vault maps used:
D:1:      tarquinn_simple_flora_water_a, st_stairs_8
D:2:      nicolae_overflow_hidden_temple, first_bread, minmay_close_crescents
D:3:      minmay_overflow_temple_star_quad, old_standard_altar,
          serial_corexii_hall, corexii_hall_statues_l, corexii_hall_statues_l
D:4:      kennysheep_dice, uniq_crazy_yiuf_cottage
D:5:      old_standard_altar, lemuel_crystal_altar

Action                   |  1- 3 |  4- 6 |  7- 9 || total
-------------------------+-------+-------+-------++-------
Melee: Short sword       |     2 |     3 |       ||     5
 Cast: Magic Dart        |    77 |   123 |     7 ||   207
       Dazzling Spray    |       |    20 |     4 ||    24
  Use: Potion            |       |     1 |       ||     1
 Stab: Sleeping          |       |     2 |       ||     2
  Eat: Chunk             |     2 |     5 |     1 ||     8
       Pizza             |       |     2 |       ||     2
       Beef jerky        |       |     1 |       ||     1
